MapleLeafs vs Sabres

Created - October-07-13 at 19:48

Goals
1 2 3 OT1 T
MapleLeafs 1 0 1 0 2
Sabres 0 2 0 1 3
Shots
1 2 3 OT1 T
MapleLeafs 3 4 11 2 20
Sabres 8 10 3 2 23

1st period

1. MapleLeafs , Vincent Lecavalier 1 (Greg Zanon, Patrick Marleau) at 5:31

Penalties :
Jonathan Ericsson (TOR) for Hooking (Minor) at 8:23, Grant Clitsome (BUF) for Roughing (Minor) at 14:32

2nd period

2. Sabres , Thomas Vanek 3 (Matt Duchene, Tyler Myers) at 11:24 (PP)
3. Sabres , Andrej Sekera 1 (Joel Ward, Grant Clitsome) at 15:25 (PP)

Penalties :
Jonathan Ericsson (TOR) for Hooking (Minor) at 1:23, Jamie Benn (BUF) for Holding (Minor) at 3:45, Joel Ward (BUF) for Hooking (Minor) at 4:17, Vincent Lecavalier (TOR) for Hooking (Minor) at 4:17, Steve Downie (BUF) for Hooking (Minor) at 9:12, Vincent Lecavalier (TOR) for Holding (Minor) at 10:32, Brian Lashoff (TOR) for Cross-checking (Minor) at 14:53, Patrick Marleau (TOR) for Boarding (Minor) at 18:53

3rd period

4. MapleLeafs , Adam Henrique 1 (Steve Sullivan, Rostislav Klesla) at 16:18

Penalties :
Zack Kassian (BUF) for Tripping (Minor) at 4:55

Overtime #1

5. Sabres , Joel Ward 1 (Jamie Benn, Tyler Myers) at 3:15

Penalties :
Brad Stuart (BUF) for Tripping (Minor) at 0:53

Goalie Stats

Ryan Miller (TOR), 20 saves from 23 shots - (0.870), OTL, 1-2-1, 63:16 minutes
Peter Budaj (BUF), 18 saves from 20 shots - (0.900), W, 1-0-0, 63:16 minutes

Players Stats for MapleLeafs

Player Name              G  A  P  +/- PIM S  H  SB GA TA FO     MP     PP MP  PK MP  
------------------------------------------------------------------------------------
Adam Hall                0  0  0   0  0   1  2  0  0  0  2/7    12:42   0:00   1:06 
Adam Henrique            1  0  1   0  0   3  1  0  0  0  11/22  20:32   2:11   3:08 
Brian Lashoff            0  0  0   1  2   1  0  0  0  0  0/0    15:06   0:05   0:04 
Chuck Kobasew            0  0  0   0  0   0  0  0  0  0  0/0    11:04   0:00   0:00 
Derek Dorsett            0  0  0   0  0   0  2  0  0  0  0/0    10:32   0:00   0:00 
Drew Doughty             0  0  0  -1  0   3  3  4  0  0  0/0    26:38   3:35   4:13 
Evgeni Malkin            0  0  0   1  0   1  0  0  0  0  1/2    16:25   3:39   0:00 
Greg Zanon               0  1  1   1  0   1  1  1  0  0  0/0    20:36   0:00   2:29 
Jay Beagle               0  0  0   0  0   0  0  0  0  0  0/0    10:20   0:00   0:00 
Jonathan Ericsson        0  0  0   1  4   1  0  1  0  0  0/0    20:18   2:15   1:09 
Patrick Marleau          0  1  1   1  2   0  1  0  0  0  1/6    21:05   3:39   2:48 
Raffi Torres             0  0  0   1  0   1  0  0  0  0  0/0    15:16   2:11   0:00 
Rostislav Klesla         0  1  1   1  0   2  0  0  0  0  0/0    17:18   2:15   1:16 
Ryan Carter              0  0  0   0  0   1  0  0  0  0  0/0    12:27   0:00   1:55 
Steve Sullivan           0  1  1   1  0   1  0  1  0  0  2/2    13:23   2:11   0:00 
Vernon Fiddler           0  0  0   0  0   1  0  0  0  0  11/15  14:59   0:00   4:27 
Victor Hedman            0  0  0  -1  0   1  2  2  0  0  0/0    26:33   3:30   4:13 
Vincent Lecavalier       1  0  1   0  4   2  6  0  0  0  6/16   18:24   3:37   0:00 

Players Stats for Sabres

Player Name              G  A  P  +/- PIM S  H  SB GA TA FO     MP     PP MP  PK MP  
------------------------------------------------------------------------------------
Andrej Sekera            1  0  1  -1  0   3  3  0  0  0  0/0    20:00   3:47   2:13 
Brad Stuart              0  0  0   0  2   1  3  4  0  0  0/0    21:52   0:00   3:42 
Chris Tanev              0  0  0   0  0   1  0  1  0  0  0/0     8:44   2:55   0:55 
Dan Cleary               0  0  0   0  0   1  0  1  0  0  0/0     8:15   0:00   2:02 
Grant Clitsome           0  1  1   0  2   0  2  0  0  0  0/0    14:54   3:47   0:55 
Jacob Josefson           0  0  0   0  0   1  0  1  0  0  13/24  17:59   0:00   1:35 
Jamie Benn               0  1  1   1  2   2  4  0  0  0  13/26  22:45   3:14   3:55 
Joel Ward                1  1  2   1  2   3  0  0  0  0  0/0    22:07   3:14   3:48 
Johnny Oduya             0  0  0  -1  0   0  2  2  0  0  0/0    19:07   0:00   5:07 
Karl Alzner              0  0  0   0  0   1  0  1  0  0  0/0    18:21   0:00   3:14 
Matt Duchene             0  1  1  -2  0   1  0  0  0  0  9/18   21:40   3:28   2:55 
Patrick Kaleta           0  0  0   0  0   0  1  1  0  0  0/0     6:08   0:00   0:00 
Ryan Johansen            0  0  0   0  0   2  0  0  0  0  0/0    10:16   0:00   0:00 
Steve Downie             0  0  0   0  2   0  3  0  0  0  0/1    16:27   3:14   0:00 
Thomas Vanek             1  0  1  -2  0   4  0  0  0  0  0/0    19:12   3:28   0:00 
Tuomo Ruutu              0  0  0  -2  0   1  5  0  0  0  0/0    19:30   3:28   0:50 
Tyler Myers              0  2  2   0  0   1  1  1  0  0  0/0    23:32   2:55   2:26 
Zack Kassian             0  0  0   0  2   1  0  0  0  0  1/1    10:15   0:00   0:00 

3 Stars

1 - Joel Ward (BUF)
2 - Tyler Myers (BUF)
3 - Adam Henrique (TOR)

Power Play

MapleLeafs - 0 on 5 Attempt(s) - 0.00%
Sabres - 2 on 5 Attempt(s) - 40.00%

Penalty Kill

MapleLeafs - 3 on 5 Attempt(s) - 60.00% - Score 0 goal in Penalty Kill
Sabres - 5 on 5 Attempt(s) - 100.00% - Score 0 goal in Penalty Kill

Official

Referees : Dave Lewis and Jon Mclsaac
Linesman : Jonny Murray and Scott Cherrey

Game Notes

No Game Note

Finance

Level 1 -- Attendance: 6500 (100.00%) -- Ticket Income $520,000
Level 2 -- Attendance: 5000 (100.00%) -- Ticket Income $250,000
Level 3 -- Attendance: 3500 (100.00%) -- Ticket Income $122,500
Level 4 -- Attendance: 2690 (100.00%) -- Ticket Income $59,180
Luxury Box -- Attendance: 951 (95.10%) -- Ticket Income $190,200
Game was played at the First Niagara Center
Total Attendance: 18641 (99.74%)
Total Ticket Income: $1,141,880
Other Income: $171,282
Total Income: $1,313,162


% Time on Ice - MapleLeafs

Lines # - Real PCT - Wanted PCT - Time Play
Normal Forward
1 - 28% - 29% - 12:46
2 - 25% - 25% - 11:12
3 - 23% - 23% - 10:32
4 - 23% - 23% - 10:20
Normal Defense
1 - 23% - 28% - 10:12
2 - 31% - 26% - 13:47
3 - 33% - 26% - 14:58
4 - 13% - 20% - 5:53
PP Forward
1 - 63% - 54% - 3:39
2 - 37% - 46% - 2:11
PP Defense
1 - 61% - 55% - 3:35
2 - 39% - 45% - 2:15
PK Forward
1 - 71% - 56% - 4:47
2 - 29% - 44% - 1:55
PK Defense
1 - 63% - 55% - 4:13
2 - 37% - 45% - 2:29
PK3 Forward
1 - 0% - 55%
2 - 0% - 45%
PK3 Defense
1 - 0% - 54%
2 - 0% - 46%
44 Forward
1 - 68% - 55% - 4:01
2 - 32% - 45% - 1:53
44 Defense
1 - 47% - 54% - 2:45
2 - 53% - 46% - 3:09
Last Minute Offensive  - 0:00
Last Minute Defensive  - 0:00
Total
Forward - 63:16
Defense - 63:16

% Time on Ice - Sabres

Lines # - Real PCT - Wanted PCT - Time Play
Normal Forward
1 - 34% - 40% - 15:12
2 - 30% - 30% - 13:14
3 - 23% - 20% - 10:16
4 - 14% - 10% - 6:08
Normal Defense
1 - 38% - 40% - 17:11
2 - 28% - 30% - 12:32
3 - 23% - 20% - 10:13
4 - 11% - 10% - 4:54
PP Forward
1 - 52% - 60% - 3:28
2 - 48% - 40% - 3:14
PP Defense
1 - 56% - 60% - 3:47
2 - 44% - 40% - 2:55
PK Forward
1 - 65% - 60% - 3:48
2 - 35% - 40% - 2:02
PK Defense
1 - 58% - 60% - 3:24
2 - 42% - 40% - 2:26
PK3 Forward
1 - 74% - 60% - 2:33
2 - 26% - 40% - 0:53
PK3 Defense
1 - 77% - 60% - 2:38
2 - 23% - 40% - 0:48
44 Forward
1 - 97% - 60% - 2:23
2 - 3% - 40% - 0:05
44 Defense
1 - 59% - 60% - 1:28
2 - 41% - 40% - 1:00
Last Minute Offensive  - 0:00
Last Minute Defensive  - 0:00
Total
Forward - 63:16
Defense - 63:16

Play by Play

1st period


0:01 of 1st period - Matt Duchene wins face-off versus Vincent Lecavalier in neutral zone.
0:20 of 1st period - Icing by Brad Stuart.
0:21 of 1st period - Matt Duchene wins face-off versus Adam Henrique in Sabres zone.
0:30 of 1st period - Rostislav Klesla is hit by Tuomo Ruutu and loses puck.
1:31 of 1st period - Brian Lashoff is hit by Johnny Oduya and loses puck.
1:51 of 1st period - Derek Dorsett is hit by Andrej Sekera and loses puck.
2:08 of 1st period - Ryan Johansen is hit by Derek Dorsett and loses puck.
2:23 of 1st period - Shot by Jacob Josefson.
2:23 of 1st period - Shot Blocked by Greg Zanon.
2:25 of 1st period - Shot by Jacob Josefson.
2:25 of 1st period - Stopped by Ryan Miller without a rebound.
2:26 of 1st period - Jacob Josefson wins face-off versus Adam Hall in MapleLeafs zone.
2:33 of 1st period - Shot by Dan Cleary.
2:33 of 1st period - Shot Misses the Net.
2:38 of 1st period - Icing by Jay Beagle.
2:39 of 1st period - Matt Duchene wins face-off versus Adam Hall in MapleLeafs zone.
3:35 of 1st period - Icing by Rostislav Klesla.
3:36 of 1st period - Jacob Josefson wins face-off versus Vincent Lecavalier in MapleLeafs zone.
3:39 of 1st period - Shot by Ryan Johansen.
3:39 of 1st period - Shot Blocked by Jonathan Ericsson.
3:41 of 1st period - Shot by Ryan Johansen.
3:41 of 1st period - Stopped by Ryan Miller without a rebound.
3:42 of 1st period - Vincent Lecavalier wins face-off versus Jamie Benn in MapleLeafs zone.
3:50 of 1st period - Evgeni Malkin is hit by Johnny Oduya and loses puck.
4:13 of 1st period - Shot by Evgeni Malkin.
4:13 of 1st period - Stopped by Peter Budaj without a rebound.
4:14 of 1st period - Adam Henrique wins face-off versus Jacob Josefson in Sabres zone.
5:23 of 1st period - Shot by Evgeni Malkin.
5:23 of 1st period - Shot Misses the Net.
5:25 of 1st period - Shot by Evgeni Malkin.
5:25 of 1st period - Shot Misses the Net.
5:27 of 1st period - Shot by Patrick Marleau.
5:27 of 1st period - Shot Misses the Net.
5:31 of 1st period - Shot by Vincent Lecavalier.
5:31 of 1st period - Goal by Vincent Lecavalier - MapleLeafs : 1 - Sabres : 0.
5:32 of 1st period - Jamie Benn wins face-off versus Adam Hall in neutral zone.
6:02 of 1st period - Off-side.
6:03 of 1st period - Vernon Fiddler wins face-off versus Matt Duchene in neutral zone.
6:13 of 1st period - Drew Doughty is hit by Tuomo Ruutu and loses puck.
6:36 of 1st period - Shot by Thomas Vanek.
6:36 of 1st period - Shot Blocked by Drew Doughty.
6:38 of 1st period - Shot by Andrej Sekera.
6:38 of 1st period - Shot Misses the Net.
6:40 of 1st period - Shot by Matt Duchene.
6:40 of 1st period - Shot Misses the Net.
6:42 of 1st period - Shot by Andrej Sekera.
6:42 of 1st period - Stopped by Ryan Miller with a rebound.
6:46 of 1st period - Shot by Tuomo Ruutu.
6:46 of 1st period - Shot Blocked by Drew Doughty.
7:01 of 1st period - Icing by Karl Alzner.
7:02 of 1st period - Jacob Josefson wins face-off versus Vincent Lecavalier in Sabres zone.
7:02 of 1st period - Jacob Josefson is hit by Vincent Lecavalier.
8:08 of 1st period - Shot by Tyler Myers.
8:08 of 1st period - Shot Misses the Net.
8:21 of 1st period - Shot by Jamie Benn.
8:21 of 1st period - Shot Misses the Net.
8:23 of 1st period - Shot by Brad Stuart.
8:23 of 1st period - Stopped by Ryan Miller without a rebound.
8:23 of 1st period - Minor Penalty to Jonathan Ericsson for Hooking.
8:24 of 1st period - Patrick Marleau wins face-off versus Matt Duchene in MapleLeafs zone.
8:46 of 1st period - Icing by Andrej Sekera.
8:47 of 1st period - Matt Duchene wins face-off versus Adam Henrique in Sabres zone.
8:47 of 1st period - Matt Duchene is hit by Adam Henrique.
9:36 of 1st period - Shot by Chris Tanev.
9:36 of 1st period - Stopped by Ryan Miller without a rebound.
9:37 of 1st period - Jamie Benn wins face-off versus Adam Henrique in MapleLeafs zone.
9:49 of 1st period - Shot by Chris Tanev.
9:49 of 1st period - Shot Blocked by Victor Hedman.
9:51 of 1st period - Shot by Joel Ward.
9:51 of 1st period - Stopped by Ryan Miller without a rebound.
9:52 of 1st period - Jamie Benn wins face-off versus Adam Henrique in MapleLeafs zone.
10:12 of 1st period - Shot by Tyler Myers.
10:12 of 1st period - Shot Blocked by Drew Doughty.
10:46 of 1st period - Shot by Andrej Sekera.
10:46 of 1st period - Stopped by Ryan Miller without a rebound.
10:47 of 1st period - Adam Henrique wins face-off versus Matt Duchene in MapleLeafs zone.
10:47 of 1st period - Adam Henrique is hit by Tuomo Ruutu.
11:10 of 1st period - Adam Henrique is hit by Grant Clitsome and loses puck.
11:49 of 1st period - Shot by Evgeni Malkin.
11:49 of 1st period - Shot Blocked by Brad Stuart.
12:01 of 1st period - Shot by Zack Kassian.
12:01 of 1st period - Stopped by Ryan Miller without a rebound.
12:02 of 1st period - Vernon Fiddler wins face-off versus Jamie Benn in MapleLeafs zone.
12:13 of 1st period - Vernon Fiddler is hit by Jamie Benn and loses puck.
13:39 of 1st period - Zack Kassian is hit by Adam Hall.
14:00 of 1st period - Shot by Thomas Vanek.
14:00 of 1st period - Shot Hit the Post.
14:16 of 1st period - Shot by Grant Clitsome.
14:16 of 1st period - Shot Misses the Net.
14:29 of 1st period - Greg Zanon is hit by Grant Clitsome and loses puck.
14:32 of 1st period - Shot by Steve Sullivan.
14:32 of 1st period - Stopped by Peter Budaj without a rebound.
14:32 of 1st period - Minor Penalty to Grant Clitsome for Roughing.
14:33 of 1st period - Vincent Lecavalier wins face-off versus Jamie Benn in Sabres zone.
14:58 of 1st period - Shot by Vincent Lecavalier.
14:58 of 1st period - Shot Misses the Net.
15:43 of 1st period - Shot by Adam Henrique.
15:43 of 1st period - Shot Blocked by Dan Cleary.
15:56 of 1st period - Off-side.
15:57 of 1st period - Jamie Benn wins face-off versus Vincent Lecavalier in neutral zone.
17:50 of 1st period - Off-side.
17:51 of 1st period - Adam Henrique wins face-off versus Steve Downie in neutral zone.
18:53 of 1st period - Drew Doughty is hit by Steve Downie and loses puck.
19:21 of 1st period - Shot by Patrick Marleau.
19:21 of 1st period - Shot Misses the Net.
19:25 of 1st period - Shot by Vincent Lecavalier.
19:25 of 1st period - Shot Misses the Net.
19:27 of 1st period - Shot by Patrick Marleau.
19:27 of 1st period - Shot Misses the Net.

2nd period


0:01 of 2nd period - Vincent Lecavalier wins face-off versus Matt Duchene in neutral zone.
0:24 of 2nd period - Shot by Vincent Lecavalier.
0:24 of 2nd period - Shot Misses the Net.
0:37 of 2nd period - Matt Duchene is hit by Drew Doughty.
0:39 of 2nd period - Shot by Thomas Vanek.
0:39 of 2nd period - Deflect By Matt Duchene.
0:39 of 2nd period - Stopped by Ryan Miller without a rebound.
0:40 of 2nd period - Adam Henrique wins face-off versus Jamie Benn in MapleLeafs zone.
0:40 of 2nd period - Adam Henrique is hit by Steve Downie.
0:54 of 2nd period - Steve Sullivan is hit by Steve Downie and loses puck.
1:23 of 2nd period - Minor Penalty to Jonathan Ericsson for Hooking.
1:24 of 2nd period - Vernon Fiddler wins face-off versus Matt Duchene in MapleLeafs zone.
2:23 of 2nd period - Shot by Adam Henrique.
2:23 of 2nd period - Stopped by Peter Budaj without a rebound.
2:24 of 2nd period - Jamie Benn wins face-off versus Patrick Marleau in Sabres zone.
2:32 of 2nd period - Shot by Chris Tanev.
2:32 of 2nd period - Deflect By Joel Ward.
2:32 of 2nd period - Shot Blocked by Victor Hedman.
2:34 of 2nd period - Shot by Tyler Myers.
2:34 of 2nd period - Shot Misses the Net.
2:36 of 2nd period - Shot by Jamie Benn.
2:36 of 2nd period - Shot Hit the Post.
2:38 of 2nd period - Shot by Tyler Myers.
2:38 of 2nd period - Stopped by Ryan Miller without a rebound.
2:39 of 2nd period - Vernon Fiddler wins face-off versus Matt Duchene in MapleLeafs zone.
3:33 of 2nd period - Jay Beagle is hit by Brad Stuart and loses puck.
3:40 of 2nd period - Shot by Greg Zanon.
3:40 of 2nd period - Stopped by Peter Budaj without a rebound.
3:41 of 2nd period - Vincent Lecavalier wins face-off versus Jamie Benn in Sabres zone.
3:45 of 2nd period - Minor Penalty to Jamie Benn for Holding.
3:46 of 2nd period - Evgeni Malkin wins face-off versus Jacob Josefson in Sabres zone.
3:47 of 2nd period - Shot by Vincent Lecavalier.
3:47 of 2nd period - Shot Misses the Net.
3:49 of 2nd period - Shot by Rostislav Klesla.
3:49 of 2nd period - Stopped by Peter Budaj without a rebound.
3:50 of 2nd period - Jacob Josefson wins face-off versus Vincent Lecavalier in Sabres zone.
3:50 of 2nd period - Jacob Josefson is hit by Vincent Lecavalier.
4:17 of 2nd period - Minor Penalty to Joel Ward for Hooking.
4:17 of 2nd period - Minor Penalty to Vincent Lecavalier for Hooking.
4:18 of 2nd period - Jacob Josefson wins face-off versus Adam Henrique in neutral zone.
4:54 of 2nd period - Off-side.
4:55 of 2nd period - Jacob Josefson wins face-off versus Adam Henrique in neutral zone.
5:58 of 2nd period - Shot by Raffi Torres.
5:58 of 2nd period - Shot Hit the Post.
6:02 of 2nd period - Shot by Raffi Torres.
6:02 of 2nd period - Shot Misses the Net.
7:01 of 2nd period - Drew Doughty is hit by Andrej Sekera and loses puck.
8:04 of 2nd period - Icing by Jonathan Ericsson.
8:05 of 2nd period - Adam Hall wins face-off versus Jacob Josefson in MapleLeafs zone.
8:05 of 2nd period - Adam Hall is hit by Patrick Kaleta.
8:11 of 2nd period - Shot by Karl Alzner.
8:11 of 2nd period - Stopped by Ryan Miller without a rebound.
8:12 of 2nd period - Jacob Josefson wins face-off versus Patrick Marleau in MapleLeafs zone.
9:12 of 2nd period - Minor Penalty to Steve Downie for Hooking.
9:13 of 2nd period - Adam Henrique wins face-off versus Jamie Benn in Sabres zone.
9:13 of 2nd period - Adam Henrique is hit by Brad Stuart.
10:32 of 2nd period - Minor Penalty to Vincent Lecavalier for Holding.
10:33 of 2nd period - Adam Henrique wins face-off versus Jamie Benn in MapleLeafs zone.
11:20 of 2nd period - Shot by Tyler Myers.
11:20 of 2nd period - Shot Misses the Net.
11:22 of 2nd period - Shot by Matt Duchene.
11:22 of 2nd period - Shot Misses the Net.
11:24 of 2nd period - Shot by Thomas Vanek.
11:24 of 2nd period - Goal by Thomas Vanek - MapleLeafs : 1 - Sabres : 1.
11:25 of 2nd period - Vernon Fiddler wins face-off versus Jacob Josefson in neutral zone.
11:32 of 2nd period - Shot by Derek Dorsett.
11:32 of 2nd period - Shot Misses the Net.
11:59 of 2nd period - Shot by Ryan Johansen.
11:59 of 2nd period - Stopped by Ryan Miller without a rebound.
12:00 of 2nd period - Matt Duchene wins face-off versus Vincent Lecavalier in MapleLeafs zone.
12:16 of 2nd period - Icing by Brian Lashoff.
12:17 of 2nd period - Jacob Josefson wins face-off versus Vincent Lecavalier in MapleLeafs zone.
12:17 of 2nd period - Jacob Josefson is hit by Greg Zanon.
12:19 of 2nd period - Shot by Dan Cleary.
12:19 of 2nd period - Stopped by Ryan Miller without a rebound.
12:20 of 2nd period - Steve Sullivan wins face-off versus Matt Duchene in MapleLeafs zone.
12:20 of 2nd period - Steve Sullivan is hit by Tuomo Ruutu.
12:41 of 2nd period - Shot by Adam Henrique.
12:41 of 2nd period - Stopped by Peter Budaj without a rebound.
12:42 of 2nd period - Vincent Lecavalier wins face-off versus Jamie Benn in Sabres zone.
12:48 of 2nd period - Icing by Johnny Oduya.
12:49 of 2nd period - Jamie Benn wins face-off versus Patrick Marleau in Sabres zone.
12:53 of 2nd period - Jamie Benn is hit by Vincent Lecavalier and loses puck.
13:23 of 2nd period - Andrej Sekera is hit by Vincent Lecavalier and loses puck.
14:15 of 2nd period - Shot by Thomas Vanek.
14:15 of 2nd period - Stopped by Ryan Miller with a rebound.
14:17 of 2nd period - Shot by Thomas Vanek.
14:17 of 2nd period - Shot Misses the Net.
14:53 of 2nd period - Minor Penalty to Brian Lashoff for Cross-checking.
14:54 of 2nd period - Vernon Fiddler wins face-off versus Jamie Benn in MapleLeafs zone.
14:54 of 2nd period - Vernon Fiddler is hit by Jamie Benn.
15:14 of 2nd period - Drew Doughty is hit by Jamie Benn and loses puck.
15:21 of 2nd period - Shot by Grant Clitsome.
15:21 of 2nd period - Shot Hit the Post.
15:23 of 2nd period - Shot by Joel Ward.
15:23 of 2nd period - Shot Misses the Net.
15:25 of 2nd period - Shot by Andrej Sekera.
15:25 of 2nd period - Goal by Andrej Sekera - MapleLeafs : 1 - Sabres : 2.
15:26 of 2nd period - Zack Kassian wins face-off versus Adam Hall in neutral zone.
15:49 of 2nd period - Icing by Chris Tanev.
15:50 of 2nd period - Jacob Josefson wins face-off versus Vernon Fiddler in Sabres zone.
16:17 of 2nd period - Shot by Ryan Johansen.
16:17 of 2nd period - Shot Misses the Net.
16:32 of 2nd period - Joel Ward is hit by Drew Doughty and loses puck.
17:20 of 2nd period - Shot by Thomas Vanek.
17:20 of 2nd period - Stopped by Ryan Miller without a rebound.
17:21 of 2nd period - Adam Henrique wins face-off versus Matt Duchene in MapleLeafs zone.
17:28 of 2nd period - Shot by Thomas Vanek.
17:28 of 2nd period - Stopped by Ryan Miller without a rebound.
17:29 of 2nd period - Adam Henrique wins face-off versus Jacob Josefson in MapleLeafs zone.
18:06 of 2nd period - Shot by Zack Kassian.
18:06 of 2nd period - Shot Blocked by Steve Sullivan.
18:17 of 2nd period - Icing by Grant Clitsome.
18:18 of 2nd period - Jacob Josefson wins face-off versus Evgeni Malkin in Sabres zone.
18:20 of 2nd period - Icing by Grant Clitsome.
18:21 of 2nd period - Jacob Josefson wins face-off versus Vincent Lecavalier in Sabres zone.
18:21 of 2nd period - Jacob Josefson is hit by Patrick Marleau.
18:53 of 2nd period - Minor Penalty to Patrick Marleau for Boarding.
18:54 of 2nd period - Vernon Fiddler wins face-off versus Jamie Benn in MapleLeafs zone.
18:54 of 2nd period - Vernon Fiddler is hit by Jamie Benn.

3rd period


0:01 of 3rd period - Matt Duchene wins face-off versus Vernon Fiddler in neutral zone.
0:01 of 3rd period - Matt Duchene is hit by Adam Hall.
0:12 of 3rd period - Matt Duchene is hit by Drew Doughty and loses puck.
1:47 of 3rd period - Shot by Adam Hall.
1:47 of 3rd period - Stopped by Peter Budaj with a rebound.
1:53 of 3rd period - Shot by Chuck Kobasew.
1:53 of 3rd period - Shot Blocked by Patrick Kaleta.
1:55 of 3rd period - Shot by Rostislav Klesla.
1:55 of 3rd period - Stopped by Peter Budaj without a rebound.
1:56 of 3rd period - Adam Henrique wins face-off versus Jamie Benn in Sabres zone.
2:23 of 3rd period - Shot by Raffi Torres.
2:23 of 3rd period - Shot Misses the Net.
4:06 of 3rd period - Icing by Johnny Oduya.
4:07 of 3rd period - Matt Duchene wins face-off versus Vernon Fiddler in Sabres zone.
4:16 of 3rd period - Derek Dorsett is hit by Tuomo Ruutu and loses puck.
4:42 of 3rd period - Shot by Vernon Fiddler.
4:42 of 3rd period - Stopped by Peter Budaj without a rebound.
4:43 of 3rd period - Adam Henrique wins face-off versus Jacob Josefson in Sabres zone.
4:44 of 3rd period - Shot by Raffi Torres.
4:44 of 3rd period - Stopped by Peter Budaj without a rebound.
4:45 of 3rd period - Jacob Josefson wins face-off versus Adam Henrique in Sabres zone.
4:54 of 3rd period - Shot by Ryan Johansen.
4:54 of 3rd period - Shot Misses the Net.
4:55 of 3rd period - Minor Penalty to Zack Kassian for Tripping.
4:56 of 3rd period - Jamie Benn wins face-off versus Vincent Lecavalier in Sabres zone.
5:15 of 3rd period - Shot by Drew Doughty.
5:15 of 3rd period - Stopped by Peter Budaj with a rebound.
5:28 of 3rd period - Shot by Drew Doughty.
5:28 of 3rd period - Stopped by Peter Budaj with a rebound.
5:30 of 3rd period - Shot by Drew Doughty.
5:30 of 3rd period - Stopped by Peter Budaj with a rebound.
5:36 of 3rd period - Shot by Victor Hedman.
5:36 of 3rd period - Shot Blocked by Brad Stuart.
5:38 of 3rd period - Shot by Evgeni Malkin.
5:38 of 3rd period - Shot Misses the Net.
5:40 of 3rd period - Shot by Drew Doughty.
5:40 of 3rd period - Shot Blocked by Brad Stuart.
7:01 of 3rd period - Shot by Jay Beagle.
7:01 of 3rd period - Shot Blocked by Johnny Oduya.
7:08 of 3rd period - Adam Hall is hit by Andrej Sekera and loses puck.
7:49 of 3rd period - Shot by Tuomo Ruutu.
7:49 of 3rd period - Stopped by Ryan Miller without a rebound.
7:50 of 3rd period - Jamie Benn wins face-off versus Vernon Fiddler in MapleLeafs zone.
7:53 of 3rd period - Shot by Jamie Benn.
7:53 of 3rd period - Stopped by Ryan Miller without a rebound.
7:54 of 3rd period - Jamie Benn wins face-off versus Adam Henrique in MapleLeafs zone.
7:54 of 3rd period - Tyler Myers is hit by Victor Hedman and loses puck.
8:25 of 3rd period - Shot by Adam Henrique.
8:25 of 3rd period - Shot Blocked by Brad Stuart.
8:36 of 3rd period - Icing by Adam Henrique.
8:37 of 3rd period - Steve Sullivan wins face-off versus Matt Duchene in MapleLeafs zone.
9:01 of 3rd period - Shot by Evgeni Malkin.
9:01 of 3rd period - Shot Misses the Net.
9:42 of 3rd period - Icing by Johnny Oduya.
9:43 of 3rd period - Vernon Fiddler wins face-off versus Jacob Josefson in Sabres zone.
10:23 of 3rd period - Brad Stuart is hit by Derek Dorsett and loses puck.
10:42 of 3rd period - Shot by Joel Ward.
10:42 of 3rd period - Shot Misses the Net.
10:44 of 3rd period - Shot by Joel Ward.
10:44 of 3rd period - Stopped by Ryan Miller without a rebound.
10:45 of 3rd period - Matt Duchene wins face-off versus Vincent Lecavalier in MapleLeafs zone.
12:21 of 3rd period - Icing by Brad Stuart.
12:22 of 3rd period - Jamie Benn wins face-off versus Adam Hall in Sabres zone.
12:37 of 3rd period - Brian Lashoff is hit by Brad Stuart and loses puck.
14:06 of 3rd period - Karl Alzner is hit by Vincent Lecavalier and loses puck.
14:11 of 3rd period - Shot by Evgeni Malkin.
14:11 of 3rd period - Shot Blocked by Karl Alzner.
14:13 of 3rd period - Shot by Victor Hedman.
14:13 of 3rd period - Stopped by Peter Budaj without a rebound.
14:14 of 3rd period - Vernon Fiddler wins face-off versus Jacob Josefson in Sabres zone.
14:19 of 3rd period - Shot by Ryan Carter.
14:19 of 3rd period - Stopped by Peter Budaj with a rebound.
14:29 of 3rd period - Shot by Vernon Fiddler.
14:29 of 3rd period - Shot Blocked by Jacob Josefson.
14:42 of 3rd period - Icing by Karl Alzner.
14:43 of 3rd period - Vincent Lecavalier wins face-off versus Jacob Josefson in Sabres zone.
14:50 of 3rd period - Shot by Vincent Lecavalier.
14:50 of 3rd period - Shot Misses the Net.
15:08 of 3rd period - Tyler Myers is hit by Vincent Lecavalier and loses puck.
15:27 of 3rd period - Shot by Tuomo Ruutu.
15:27 of 3rd period - Shot Misses the Net.
15:42 of 3rd period - Shot by Tuomo Ruutu.
15:42 of 3rd period - Shot Blocked by Drew Doughty.
16:18 of 3rd period - Shot by Adam Henrique.
16:18 of 3rd period - Goal by Adam Henrique - MapleLeafs : 2 - Sabres : 2.
16:19 of 3rd period - Vernon Fiddler wins face-off versus Jamie Benn in neutral zone.
16:32 of 3rd period - Shot by Vernon Fiddler.
16:32 of 3rd period - Shot Blocked by Johnny Oduya.
16:34 of 3rd period - Shot by Brian Lashoff.
16:34 of 3rd period - Stopped by Peter Budaj with a rebound.
18:02 of 3rd period - Icing by Jonathan Ericsson.
18:03 of 3rd period - Jacob Josefson wins face-off versus Adam Henrique in MapleLeafs zone.
18:12 of 3rd period - Icing by Patrick Kaleta.
18:13 of 3rd period - Adam Hall wins face-off versus Jacob Josefson in Sabres zone.
19:03 of 3rd period - Icing by Brad Stuart.
19:04 of 3rd period - Vernon Fiddler wins face-off versus Jacob Josefson in Sabres zone.
19:24 of 3rd period - Derek Dorsett is hit by Tyler Myers and loses puck.
19:41 of 3rd period - Shot by Vernon Fiddler.
19:41 of 3rd period - Shot Misses the Net.

Overtime #1


0:01 of 1st overtime period - Adam Henrique wins face-off versus Jamie Benn in neutral zone.
0:34 of 1st overtime period - Shot by Joel Ward.
0:34 of 1st overtime period - Shot Misses the Net.
0:37 of 1st overtime period - Jamie Benn is hit by Victor Hedman and loses puck.
0:53 of 1st overtime period - Minor Penalty to Brad Stuart for Tripping.
0:54 of 1st overtime period - Jamie Benn wins face-off versus Patrick Marleau in Sabres zone.
1:01 of 1st overtime period - Shot by Jamie Benn.
1:01 of 1st overtime period - Stopped by Ryan Miller with a rebound.
1:56 of 1st overtime period - Shot by Vincent Lecavalier.
1:56 of 1st overtime period - Stopped by Peter Budaj without a rebound.
1:57 of 1st overtime period - Matt Duchene wins face-off versus Adam Henrique in Sabres zone.
2:12 of 1st overtime period - Shot by Drew Doughty.
2:12 of 1st overtime period - Shot Blocked by Chris Tanev.
2:46 of 1st overtime period - Off-side.
2:47 of 1st overtime period - Jamie Benn wins face-off versus Patrick Marleau in neutral zone.
2:56 of 1st overtime period - Shot by Jonathan Ericsson.
2:56 of 1st overtime period - Shot Blocked by Tyler Myers.
2:58 of 1st overtime period - Shot by Jonathan Ericsson.
2:58 of 1st overtime period - Stopped by Peter Budaj without a rebound.
2:59 of 1st overtime period - Jamie Benn wins face-off versus Adam Henrique in Sabres zone.
3:15 of 1st overtime period - Shot by Joel Ward.
3:15 of 1st overtime period - Goal by Joel Ward - MapleLeafs : 2 - Sabres : 3.


Output by the SimonT Hockey Simulator (STHS) for Stephane Roy -- Original Page W3C XHTML 1.0 Valid
Hockey Simulator - Hockey Simulation - Hockey Manager